Map: At Eternity's Edge LE

Players

Lambo

  • Race: Zerg Zerg
  • Spawn Location: 5:00

Serral - Winner!

  • Race: Zerg Zerg
  • League: Master
  • Spawn Location: 11:00

VOD

Have the link to the VOD?

Description

Time

  • Played on: July 5, 2026, 11:29 a.m.
  • Length: 16:03
Show
View Real Time Build Order
Export as new Build Order

Lambo Zerg 

Build Orders: Hatch First 

Get SALT Encoding   

  8  0:00  Drone  
  9  0:10  Drone  
  10  0:16  Drone  
  11  0:21  Drone  
  12  0:32  Overlord  
  12  0:40  Extractor, Drone  
  13  0:51  Drone x2  
  15  1:09  Hatchery  
  14  1:13  Drone  
  14  1:16  Drone  
  16  1:20  Drone  
  17  1:34  Spawning Pool  
  17  1:38  Drone  
  17  1:40  Extractor  
  17  1:43  Drone  
  17  1:50  Drone  
  18  1:59  Drone  
  19  2:09  Overlord  
  19  2:19  Drone  
  19  2:21  Queen x2  
  24  2:29  Drone  
  25  2:30  Drone  
  25  2:34  Drone  
  27  2:42  Drone  
  27  2:44  Overlord  
  28  2:50  Drone  
  28  2:51  Drone  
  30  2:56  Queen  
  32  3:02  Drone x2  
  34  3:09  Lair  
  34  3:12  Overlord  
  34  3:15  Drone  
  35  3:21  Drone x2  
  37  3:27  Drone  
  37  3:30  Drone x3  
  37  3:31  Drone x2  
  43  3:36  Evolution Chamber  
  43  3:38  Drone  
  43  3:42  Drone x3  
  43  3:48  Roach Warren  
  45  3:56  Evolution Chamber  
  45  3:58  Drone x2  
  45  4:00  Overlord  
  45  4:01  Extractor x2  
  45  4:02  Drone  
  45  4:06  Drone x3  
  45  4:08  Overseer  
  48  4:11  Overlord  
  48  4:15  Zerg Missile Weapons Level 1, Extractor  
  48  4:16  Drone  
  48  4:19  Drone x2  
  50  4:25  Drone  
  50  4:29  Drone  
  50  4:31  Glial Reconstitution  
  52  4:34  Roach  
  54  4:40  Hatchery  
  54  4:43  Roach x2  
  57  4:47  Roach x2  
  61  4:54  Drone x3  
  64  5:02  Overlord, Extractor  
  64  5:05  Overlord  
  64  5:06  Hatchery  
  64  5:08  Overlord  
  64  5:12  Overlord  
  64  5:14  Zerg Ground Armor Level 1, Overlord  
  64  5:19  Overlord  
  64  5:24  Overlord  
  64  5:27  Roach x2  
  68  5:31  Roach x2  
  72  5:41  Drone x4  
  76  5:43  Roach  
  78  5:54  Drone x4  
  82  6:05  Roach x2  
  82  6:07  Extractor  
  86  6:11  Drone, Zerg Missile Weapons Level 2  
  86  6:17  Roach x4  
  93  6:26  Drone x3  
  93  6:29  Roach x3  
  102  6:33  Overlord  
  102  6:40  Roach x5  
  102  6:43  Overlord  
  112  6:47  Overlord  
  112  6:51  Roach x4  
  120  6:57  Overlord  
  120  6:59  Overlord  
  120  7:00  Roach x3  
  126  7:04  Overlord  
  126  7:06  Roach  
  128  7:09  Ravager x3  
  128  7:10  Ravager  
  128  7:12  Roach, Ravager x2  
  128  7:13  Ravager  
  128  7:15  Roach x2  
  141  7:17  Roach  
  141  7:18  Roach x4  
  141  7:22  Roach x2  
  155  7:25  Roach  
  155  7:26  Roach  
  155  7:27  Overlord  
  155  7:29  Roach  
  161  7:35  Roach x2  
  165  7:37  Roach x2  
  165  7:42  Ravager  
  165  7:43  Roach  
  168  7:45  Roach x2  
  168  7:46  Roach x2  
  176  7:52  Ravager  
  176  7:53  Roach  
  176  7:54  Overlord  
  176  7:55  Overlord  
  176  7:57  Overlord  
  179  7:58  Overlord  
  179  8:04  Overlord  
  179  8:18  Roach x9  
  181  8:21  Roach  
  181  8:23  Roach x2  
  181  8:26  Roach x2  
  174  8:28  Ravager  
  174  8:29  Ravager  
  174  8:31  Roach x2  
  174  8:34  Roach  
  182  8:38  Roach x2  
  184  8:45  Roach x4  
  184  8:47  Roach  
  178  8:50  Roach x2  
  178  8:54  Roach x3  
  162  8:57  Roach  
  162  8:59  Roach  
  146  9:03  Roach x2  
  146  9:07  Roach x3  
  146  9:11  Roach x2  
  146  9:14  Roach  
  141  9:18  Roach x3  
  141  9:20  Roach  
  141  9:23  Roach  
  136  9:28  Roach x2  
  136  9:29  Roach  
  129  9:32  Roach x2  
  129  9:36  Roach x2  
  133  9:42  Drone x4  
  133  9:44  Drone  
  133  9:45  Extractor  
  137  9:49  Spire  
  137  9:52  Drone x3  
  139  9:59  Hatchery  
  138  10:02  Drone  
  138  10:04  Drone x2  
  138  10:06  Zerg Ground Armor Level 2  
  141  10:10  Drone x2  
  147  10:14  Roach x2  
  147  10:15  Ravager x2  
  147  10:16  Ravager  
  147  10:19  Ravager  
  151  10:21  Roach  
  151  10:24  Roach  
  151  10:25  Roach  
  159  10:28  Roach x2  
  159  10:29  Roach  
  159  10:34  Pneumatized Carapace  
  163  10:40  Roach x3  
  169  10:44  Roach x2  
  169  10:45  Roach  
  169  10:46  Drone x3  
  169  10:48  Overlord  
  169  10:49  Roach x3  
  184  10:53  Overseer  
  184  10:54  Roach  
  184  10:55  Roach  
  188  11:02  Roach x4  
  196  11:10  Roach x2  
  200  11:15  Overseer  
  200  11:19  Extractor  
  199  11:32  Hatchery  
  200  11:40  Roach  
  200  11:49  Baneling Nest  
  187  12:11  Roach x2  
  189  12:19  Infestation Pit  
  184  12:25  Roach x6  
  192  12:30  Overlord x2  
  192  12:36  Tunneling Claws  
  192  12:37  Burrow  
  192  12:40  Centrifugal Hooks  
  192  12:46  Ravager  
  192  12:48  Ravager x2  
  195  12:52  Extractor  
  195  12:57  Roach x3  
  198  13:04  Roach x16  
  196  13:08  Roach x7  
  196  13:11  Roach  
  200  13:14  Hive  
  200  13:18  Hydralisk Den  
  199  13:38  Roach x4  
  195  13:54  Roach x13  
  191  13:57  Roach x7  
  191  14:02  Roach x8  
  199  14:09  Muscular Augments  
  196  14:10  Overlord x2, Lurker Den  
  196  14:11  Overseer  
  195  14:19  Overlord  
  195  14:31  Roach x25  
  195  14:33  Hydralisk x3, Hatchery  
  195  14:35  Overseer  
  200  14:39  Nydus Network  
  199  14:49  Roach x20  
  199  14:57  Roach x14  
  197  15:02  Hydralisk  
  193  15:10  Hydralisk x6  
  193  15:13  Grooved Spines  
  189  15:16  Roach x11  
  189  15:17  Hydralisk x9  
  189  15:18  Hydralisk x3  
  191  15:23  Roach x7  
  187  15:34  Roach x6  
  197  15:39  Roach  
  197  15:40  Roach x2  
Show
View Real Time Build Order
Export as new Build Order

Serral Zerg - Winner!

Build Orders: Pool First 

Get SALT Encoding   

  8  0:00  Drone  
  9  0:10  Drone  
  10  0:16  Drone  
  11  0:27  Overlord  
  11  0:32  Drone  
  12  0:46  Drone x2  
  14  0:50  Drone  
  15  1:00  Drone  
  16  1:07  Spawning Pool  
  16  1:10  Drone  
  16  1:20  Drone  
  17  1:34  Hatchery  
  17  1:38  Drone  
  17  1:39  Extractor  
  16  1:45  Drone  
  17  1:54  Queen  
  17  2:00  Drone  
  20  2:06  Overlord  
  20  2:10  Extractor  
  20  2:11  Drone  
  21  2:27  Drone  
  22  2:30  Drone, Queen  
  25  2:39  Drone  
  25  2:43  Metabolic Boost  
  26  2:46  Drone  
  26  2:49  Drone  
  28  2:58  Overlord  
  28  3:02  Drone  
  28  3:03  Baneling Nest  
  28  3:04  Drone x2  
  30  3:08  Drone  
  30  3:10  Drone  
  32  3:17  Zergling x2  
  33  3:20  Overlord  
  33  3:21  Drone  
  33  3:26  Drone  
  35  3:31  Zergling x2  
  36  3:37  Drone x3  
  36  3:38  Drone  
  36  3:39  Drone x2  
  42  3:45  Zergling x2  
  43  3:51  Hatchery  
  43  3:52  Drone  
  43  3:53  Drone  
  44  3:59  Drone  
  45  4:05  Evolution Chamber, Drone x4  
  45  4:08  Overlord  
  48  4:16  Extractor  
  47  4:17  Roach Warren, Drone x2  
  48  4:26  Queen  
  48  4:30  Zergling x2  
  48  4:31  Drone x4  
  53  4:36  Extractor, Zerg Missile Weapons Level 1  
  54  4:40  Lair  
  54  4:42  Drone  
  54  4:45  Overlord  
  55  4:47  Drone  
  55  4:52  Overlord  
  56  4:58  Overlord  
  56  5:01  Overlord  
  56  5:03  Drone x4  
  59  5:08  Overlord  
  59  5:10  Roach  
  59  5:11  Roach  
  63  5:16  Extractor  
  63  5:20  Roach x4  
  70  5:25  Overlord  
  70  5:26  Drone  
  70  5:28  Roach x2  
  75  5:38  Drone  
  75  5:39  Drone x2  
  75  5:41  Glial Reconstitution  
  75  5:42  Roach x2  
  84  5:43  Roach, Overseer  
  84  5:45  Overlord  
  84  5:54  Drone  
  84  5:55  Roach x3  
  91  5:58  Overlord  
  91  6:02  Drone  
  91  6:03  Drone x3  
  95  6:04  Drone  
  95  6:10  Evolution Chamber  
  95  6:11  Drone  
  96  6:12  Roach  
  96  6:14  Overlord  
  97  6:19  Roach x3  
  97  6:22  Drone x5  
  97  6:23  Drone  
  109  6:27  Overlord, Extractor  
  109  6:30  Pneumatized Carapace  
  108  6:35  Zerg Missile Weapons Level 2  
  108  6:37  Roach  
  108  6:38  Roach  
  112  6:42  Overlord  
  112  6:48  Roach x4  
  112  6:52  Roach x2  
  112  6:53  Roach  
  124  6:56  Overlord  
  124  6:57  Zerg Ground Armor Level 1  
  124  7:01  Roach x3  
  130  7:02  Roach  
  130  7:06  Roach x2  
  130  7:07  Roach  
  138  7:10  Overlord  
  138  7:12  Overlord  
  138  7:14  Ravager x2  
  140  7:19  Roach x3  
  140  7:22  Overlord  
  146  7:27  Spine Crawler  
  146  7:28  Roach x2  
  146  7:29  Roach x2  
  153  7:30  Ravager  
  151  7:37  Roach x4  
  151  7:40  Overlord  
  151  7:43  Roach x2  
  163  7:47  Roach  
  163  7:48  Roach  
  163  7:50  Roach  
  167  7:53  Roach  
  167  7:54  Roach  
  167  7:57  Overlord x3  
  171  8:01  Roach x2  
  171  8:02  Roach  
  177  8:10  Roach  
  163  8:21  Roach x7  
  163  8:26  Roach x6  
  179  8:28  Ravager  
  179  8:33  Roach  
  179  8:34  Roach x2  
  186  8:38  Roach x2  
  186  8:46  Roach x5  
  164  8:53  Roach  
  132  8:56  Roach x4  
  132  9:01  Roach x2  
  134  9:08  Roach x3  
  134  9:09  Roach  
  130  9:12  Roach  
  130  9:15  Roach  
  119  9:21  Roach x2  
  115  9:25  Roach  
  115  9:31  Roach x2  
  109  9:33  Roach x3  
  109  9:34  Roach, Hatchery  
  108  9:38  Spine Crawler  
  108  9:39  Queen  
  108  9:40  Roach  
  108  9:44  Roach x5  
  108  9:45  Ravager  
  122  9:47  Extractor  
  122  9:50  Roach x3  
  127  9:53  Roach x2  
  127  9:57  Roach  
  133  10:03  Roach  
  133  10:04  Roach x4  
  143  10:07  Roach  
  143  10:13  Overlord  
  145  10:15  Roach x3  
  145  10:16  Roach  
  153  10:22  Roach x3  
  153  10:23  Roach  
  161  10:30  Hydralisk Den  
  160  10:36  Zerg Ground Armor Level 2  
  160  10:42  Roach x4  
  168  10:46  Drone x2  
  168  10:47  Drone x2  
  168  10:48  Roach x2  
  168  10:49  Roach  
  178  10:52  Ravager  
  179  10:59  Grooved Spines  
  179  11:01  Hydralisk x2  
  183  11:06  Hydralisk  
  185  11:12  Hydralisk x2  
  185  11:18  Hydralisk, Extractor  
  189  11:19  Roach x2  
  189  11:21  Hydralisk  
  189  11:24  Hydralisk  
  198  11:30  Hydralisk  
  200  11:33  Burrow  
  200  11:49  Muscular Augments  
  196  12:08  Roach x3  
  192  12:16  Hydralisk x3  
  194  12:24  Hydralisk x3  
  194  12:29  Hydralisk  
  200  12:33  Infestation Pit  
  199  12:40  Drone  
  200  12:46  Tunneling Claws  
  200  12:48  Overseer  
  198  13:02  Roach x2  
  194  13:07  Roach x3  
  198  13:17  Hive  
  198  13:18  Spine Crawler  
  198  13:19  Extractor, Drone  
  198  13:20  Drone x3, Overseer  
  198  13:22  Overseer  
  198  13:36  Hydralisk x2  
  173  13:57  Drone  
  173  13:58  Drone x2  
  173  14:00  Roach x3  
  173  14:01  Roach x8  
  182  14:03  Drone x4  
  182  14:05  Lurker Den  
  182  14:06  Hydralisk x7  
  199  14:17  Overseer  
  199  14:18  Overseer  
  199  14:21  Roach x11  
  199  14:22  Spine Crawler, Drone x2  
  199  14:23  Roach x27  
  200  14:27  Hatchery  
  199  14:31  Roach x4  
  199  14:33  Spine Crawler  
  199  14:36  Hydralisk  
  200  14:39  Overseer  
  200  14:44  Hydralisk  
  196  14:54  Hydralisk x2  
  196  14:59  Drone  
  193  15:00  Roach x3  
  193  15:05  Seismic Spines  
  193  15:06  Lurker  
  193  15:07  Lurker x2  
  200  15:11  Roach x4  
  193  15:15  Roach  
  193  15:16  Roach x3  
  187  15:21  Roach x7  
  187  15:23  Roach  
  187  15:24  Roach x3  
  195  15:31  Roach  
  195  15:32  Hatchery  
  195  15:35  Lurker x4  
  196  15:43  Roach  
  196  15:44  Roach x2  
Tags
 
League
Master
Matchup
ZvZ
Race
Zerg
Replay Pack
hsc29
Spawn Locations
Cross Positions
Add a new tag
Caveats
  • Supply blocks, unpowered buildings, or Contaminate may cause inaccurate times.
  • Supply counts are checked every 10 seconds.